 Dungeon Crawl Stone Soup version 0.20-a0-1052-g14f416c (webtiles) character file.

1119 AlphabetPasta the Poker (level 8, -1/79 HPs)
             Began as an Ogre Gladiator on Apr 25, 2017.
             Slain by a wight
             ... wielding a +3 halberd of freezing
              (14 damage)
             ... on level 6 of the Dungeon.
             The game lasted 00:23:30 (6134 turns).

AlphabetPasta the Poker (Ogre Gladiator)            Turns: 6134, Time: 00:23:30

Health: -1/79      AC:  3    Str: 27    XL:     8   Next: 34%
Magic:  8/8        EV: 11    Int:  9    God:
Gold:   175        SH:  0    Dex: 12    Spells: 7/7 levels left

rFire    . . .     SeeInvis .   a - +1 trident
rCold    . . .     Gourm    .   (no shield)
rNeg     + . .     Faith    .   t - +0 robe
rPois    .         Spirit   .   c - +0 hat
rElec    .         Reflect  .   (no cloak)
rCorr    .         Harm     .   (gloves unavailable)
MR       .....                  (boots unavailable)
Stlth    +.........             (no amulet)
Regen    0.3/turn               z - +3 ring of strength
MPRegen  0.2/turn               n - ring of positive energy

@: mighty, drained
A: unfitting armour, tough skin 1
a: no special abilities


You were on level 6 of the Dungeon.
You were not hungry.

You visited 1 branch of the dungeon, and saw 6 of its levels.

You collected 265 gold pieces.
You spent 90 gold pieces at shops.

Inventory:

Hand Weapons
 a - a +1 trident (weapon)
 b - a +0 blowgun
 k - a +0 spear of freezing
Missiles
 d - a throwing net
 u - 23 poisoned needles
 v - a javelin (quivered)
 y - 4 tomahawks
Armour
 c - a +0 hat (worn)
 t - a +0 robe (worn)
Jewellery
 n - a ring of positive energy (right hand)
 z - a +3 ring of strength (left hand)
Wands
 C - a wand of disintegration (12/24)
Scrolls
 e - a scroll of fog
 g - a scroll of remove curse
 h - 5 scrolls of blinking
 r - 2 scrolls of teleportation
 w - a scroll of enchant weapon
 A - a scroll of magic mapping
Potions
 j - a potion of cancellation
 l - a potion of ambrosia
 m - a potion of curing
 q - a potion of heal wounds {unknown}
 s - a potion of flight {unknown}
 x - a potion of might
 D - a potion of agility {unknown}
Comestibles
 f - 5 bread rations
 i - 5 meat rations
 p - 3 fruits


   Skills:
 + Level 4.9(4.8) Fighting
 * Level 7.2(7.0) Polearms
 - Level 3.9(3.8) Throwing
 + Level 2.1(1.9) Armour
 - Level 4.6(4.5) Dodging


You had 7 spell levels left.
You didn't know any spells.

Dungeon Overview and Level Annotations

Branches:
Dungeon (6/15)
 Temple: D:4-7

Altars:
Fedhas
Ru
Vehumet

Shops:
D:5 ?

Annotations:
D:5 exclusion: oklob plant


Innate Abilities, Weirdness & Mutations

You are too large for most types of armour.
You have tough skin. (AC +1)


Message History

The wight is lightly damaged.
The wight barely misses you. The wight closely misses you.
You hit the wight.
The wight is heavily damaged.
The wight hits you with a great sword of freezing!
The wight freezes you.
The wight hits you from afar with a halberd of freezing.
You partially resist.
You feel drained. The wight freezes you.
You hit the wight.
The wight is severely damaged.
The wight closely misses you.
You hit the wight.
The wight is severely damaged.
The wight closely misses you.
The wight hits you with a great sword of freezing!
* * * LOW HITPOINT WARNING * * *
The wight freezes you.
* * * LOW HITPOINT WARNING * * *
The wight hits you from afar with a halberd of freezing!
You die...

.##
.....####
#..z@#
###).#
#z.# ##.#
#.# ..#
..# ..#


You could see 2 wights.

Vanquished Creatures
  An ice beast (D:5)
  A phantom (D:5)
  A centaur (D:5)
  An ogre (D:4)
  A scorpion (D:4)
  A wight (D:6)
  A howler monkey (D:5)
  2 hounds
  A bullfrog zombie (D:3)
  A gnoll shaman (D:4)
  2 orc priests (D:3)
  2 orc wizards
  Natasha (thrice) (D:3)
  3 worker ants
  A killer bee zombie (D:5)
  4 gnolls (D:4)
  A howler monkey skeleton (D:5)
  11 adders
  6 worms
  4 leopard geckos
  6 orcs
  7 bats
  6 giant cockroaches
  9 goblins
  4 hobgoblins
  6 jackals
  3 quokkas (D:5)
  2 ball pythons
  10 frilled lizards
  A jackal skeleton (D:4)
  7 kobolds
  A leopard gecko skeleton (D:4)
  9 rats
119 creatures vanquished.

Notes
Turn   | Place    | Note
-------+----------+-------------------------------------------
     0 | D:1      | AlphabetPasta the Ogre Gladiator began the quest for the Orb.
     0 | D:1      | Reached XP level 1. HP: 22/22 MP: 1/1
   331 | D:1      | Reached XP level 2. HP: 29/29 MP: 2/2
   646 | D:1      | Reached XP level 3. HP: 27/37 MP: 3/3
  1148 | D:2      | Reached skill level 4 in Polearms
  1157 | D:2      | Reached XP level 4. HP: 20/45 MP: 4/4
  1706 | D:2      | Reached skill level 1 in Armour
  1977 | D:2      | Found a radiant altar of Vehumet.
  2182 | D:3      | Reached XP level 5. HP: 53/53 MP: 5/5
  2209 | D:3      | Noticed Natasha
  2215 | D:3      | Killed Natasha
  2942 | D:3      | Reached XP level 6. HP: 61/61 MP: 6/6
  2954 | D:3      | Reached skill level 5 in Polearms
  3167 | D:3      | Noticed Natasha
  3185 | D:3      | Killed Natasha
  3370 | D:3      | Found a sacrificial altar of Ru.
  3498 | D:3      | Noticed Natasha
  3502 | D:3      | Killed Natasha
  3911 | D:4      | Reached XP level 7. HP: 59/67 MP: 7/7
  4628 | D:4      | Reached skill level 6 in Polearms
  4662 | D:5      | Entered Level 5 of the Dungeon
  4895 | D:5      | Found Baypp's Magic Scroll Shoppe.
  4897 | D:5      | Bought a scroll of identify for 24 gold pieces
  4897 | D:5      | Bought a scroll of magic mapping for 42 gold pieces
  4897 | D:5      | Bought a scroll of identify for 24 gold pieces
  4968 | D:5      | Reached XP level 8. HP: 30/78 MP: 8/8
  5395 | D:5      | Found a blossoming altar of Fedhas.
  5415 | D:5      | Noticed an oklob plant
  5588 | D:5      | Reached skill level 7 in Polearms
  6134 | D:6      | Slain by a wight

Vault maps used:
D:1:      lightli_arrival_noodles, serial_forest, infiniplex_forest_clump_tiny,
          infiniplex_forest_lined_room_, infiniplex_forest_straight_2,
          infiniplex_forest_clump_long, infiniplex_forest_lined_room_,
          infiniplex_forest_clump_curved, infiniplex_forest_corner_2,
          infiniplex_forest_clump_small, hex_tiny
D:2:      vehumet_crystals, first_bread, minmay_surrounded
D:3:      nicolae_ru_path_of_blood, uniq_natasha
D:5:      tgw_fedhas, serial_shops, shop
D:6:      nicolae_qazlal_style_of_elements, temple_doors_e, doesnt_xom_only_xom

Skill      XL: |  1  2  3  4  5  6  7  8 |
---------------+-------------------------+-----
Fighting       | 3 4 |  4.9
Dodging        | 3 4 |  4.6
Polearms       | 4 5 6 7 |  7.2
Armour         | 1 2 |  2.1
Throwing       | 3 |  3.9

Action                   |  1- 3 |  4- 6 |  7- 9 || total
-------------------------+-------+-------+-------++-------
Melee: Trident           |    75 |   174 |   161 ||   410
 Fire: Blowgun           |       |       |     9 ||     9
Throw: Javelin           |     6 |    15 |     4 ||    25
       Throwing net      |     1 |     1 |       ||     2
  Use: Scroll            |     1 |     9 |     5 ||    15
       Potion            |       |     1 |     1 ||     2
 Stab: Distracted        |     1 |     1 |     1 ||     3
       Held in net/web   |     1 |       |       ||     1
       Sleeping          |       |     4 |     3 ||     7
  Eat: Chunk             |     1 |     9 |     5 ||    15
       Fruit             |       |       |     1 ||     1
       Royal jelly       |       |       |     1 ||     1
Armor: Robe              |    15 |    31 |    16 ||    62
Dodge: Dodged            |    29 |    60 |    64 ||   153
